[Event "GM ZIA Smirity-A 2025"]
[Site "Dhaka"]
[Date "2025.02.21"]
[Round "8.4"]
[White "Abu Sufian, Shakil"]
[Black "Md Nasir Uddin"]
[Result "1-0"]
[Annotator "RC"]
[ECO "B40"]
[WhiteElo "2224"]
[BlackElo "2010"]
[PlyCount "79"]
[EventDate "2025.02.17"]
[EventType "swiss"]
[EventCountry "BAN"]
[SourceTitle "playchess.com"]
[Source "ChessBase"]
[SourceQuality "1"]
[TimeControl "5400+30"]

1. e4 e6 2. d4 c5 3. Nf3 a6 4. d5 d6 5. dxe6 Bxe6 6. Ng5 Qd7 7. Nxe6 Qxe6 8. Nc3 Nf6 9. Be2 Nc6 10. Nd5 Rc8 11. Nxf6+ Qxf6 12. O-O Be7 13. c3 O-O 14. f4 Rcd8 15. Bf3 h6 16. Be3 Qe6 17. Bf2 Qc4 18. Qd2 Bf6 19. Rfd1 Rfe8 20. Qd5 Qxd5 21. Rxd5 Ne7 22. Rd2 Ng6 23. g3 b6 24. Rad1 Be7 25. Be2 b5 26. Kg2 Rb8 27. Kf3 Nf8 28. h4 g6 29. g4 Kg7 30. Bg3 Rbc8 31. a4 c4 32. axb5 axb5 33. Rd5 Rc5 34. Rxc5 dxc5 35. f5 Rd8 36. e5 gxf5 37. gxf5 f6 38. Rxd8 Bxd8 39. e6 Be7 40. Ke4 1-0

[Event "GM ZIA Smirity-A 2025"]
[Site "Dhaka"]
[Date "2025.02.21"]
[Round "8.5"]
[White "Kazi Zarin, Tasnim"]
[Black "Wadifa, Ahmed"]
[Result "0-1"]
[Annotator "NA"]
[ECO "B51"]
[WhiteElo "1897"]
[BlackElo "2053"]
[PlyCount "132"]
[EventDate "2025.02.17"]
[EventType "swiss"]
[EventCountry "BAN"]
[SourceTitle "playchess.com"]
[Source "ChessBase"]
[SourceQuality "1"]
[TimeControl "5400+30"]

1. e4 c5 2. Nf3 d6 3. Bb5+ Nd7 4. O-O a6 5. Be2 Ngf6 6. d3 {[%emt 0:01:33] B51: Sicilian: Moscow Variation (3 Bb5+) without 3...Bd7.} e6 7. Re1 Be7 8. Bf1 O-O 9. c3 b5 10. a4 Bb7 11. Nbd2 Bc6 12. axb5 axb5 13. Rxa8 Qxa8 14. Qc2 Ne5 15. Nxe5 dxe5 16. Nf3 Bd6 17. Bg5 Nd7 18. d4 f6 19. Bd2 Kh8 20. b3 Rc8 21. dxe5 Nxe5 22. Nxe5 Bxe5 23. Bd3 Rd8 24. g3 h6 $11 (24... c4 $5 25. bxc4 Qa4 $15) 25. Be3 c4 26. bxc4 bxc4 27. Bxc4 Bxe4 28. Qe2 Bxc3 29. Rc1 Bf3 30. Qc2 Bh1 31. Bf1 Be5 32. Qg6 Be4 33. Qh5 Kh7 34. Bh3 Qd5 35. Rf1 f5 36. Qf7 Rd7 37. Qe8 Bf6 38. Qb8 Rb7 39. Qf8 Bf3 40. Re1 Qe4 41. Bf1 Rb1 42. Rxb1 Qxb1 43. Qa3 Qe4 44. Bd3 Qd5 45. Qa6 Bh1 46. Bf1 e5 47. Qb5 Qxb5 48. Bxb5 Bf3 49. Bd7 g6 50. Kf1 e4 51. Bd2 Kg7 52. h4 Be5 53. Ke1 Bg4 54. Bc6 Bf6 55. Bb5 g5 56. hxg5 hxg5 57. Be2 Bxe2 58. Kxe2 Kg6 59. Be3 Be5 60. Bc5 Kh5 61. Bb6 Kg4 62. Bc5 Bxg3 63. fxg3 Kxg3 64. Ke3 f4+ 65. Kxe4 f3 66. Bg1 Kg2 0-1

[Event "GM ZIA Smirity-A 2025"]
[Site "Dhaka"]
[Date "2025.02.21"]
[Round "8.6"]
[White "Rahman, Syed Mahfuzur"]
[Black "Swarnavo Choudhury"]
[Result "0-1"]
[Annotator "RC"]
[ECO "D93"]
[WhiteElo "2113"]
[BlackElo "2120"]
[PlyCount "112"]
[EventDate "2025.02.17"]
[EventType "swiss"]
[EventCountry "BAN"]
[SourceTitle "playchess.com"]
[Source "ChessBase"]
[SourceQuality "1"]
[TimeControl "5400+30"]

1. d4 Nf6 2. c4 g6 3. Nc3 d5 4. Bf4 Bg7 5. Nf3 O-O 6. e3 c5 7. dxc5 Qa5 8. Qa4 Qxc5 9. b4 Qc6 10. b5 Qc5 11. Be5 Nbd7 12. Bd4 Qd6 13. cxd5 Nxd5 14. Bxg7 Kxg7 15. Qd4+ N7f6 16. e4 Nxc3 17. Qxc3 Qf4 18. Bd3 Bg4 19. Qe5 Qxe5 20. Nxe5 Rac8 21. Kd2 Rc5 22. f4 Rd8 23. Rhe1 Be6 24. a4 Bc4 25. Ra3 Bxd3 26. Rxd3 Rdc8 27. Ke3 Rc2 28. Re2 Rc1 29. Ra3 Rb1 30. h3 Rb4 31. Kf3 Rc1 32. g3 Rf1+ 33. Kg2 Rd1 34. Kf3 Rdd4 35. Nd3 Rxa4 36. Rxa4 Rxa4 37. e5 Nd5 38. Rb2 e6 39. Rb3 b6 40. Nf2 h6 41. Ne4 Ra1 42. h4 Rf1+ 43. Ke2 Ra1 44. Nd6 a5 45. bxa6 Rxa6 46. Kd3 g5 47. hxg5 hxg5 48. f5 Ra4 49. Nc4 exf5 50. Kd4 b5 51. Rxb5 Nc7 52. Rb7 Ne6+ 53. Kd5 Kg6 54. Nd6 Rd4+ 55. Kc6 Nd8+ 56. Kc5 Rxd6 0-1

[Event "GM ZIA Smirity-A 2025"]
[Site "Dhaka"]
[Date "2025.02.21"]
[Round "8.7"]
[White "Sajidul, Haque"]
[Black "Ghosh, Chanchal Kumer"]
[Result "*"]
[Annotator "RC"]
[ECO "C50"]
[WhiteElo "2107"]
[BlackElo "2041"]
[PlyCount "26"]
[EventDate "2025.02.17"]
[EventType "swiss"]
[EventCountry "BAN"]
[SourceTitle "playchess.com"]
[Source "ChessBase"]
[SourceQuality "1"]
[TimeControl "5400+30"]

1. e4 e5 2. Nf3 Nc6 3. Bc4 f5 4. d3 Nf6 5. O-O d6 6. Ng5 d5 7. exd5 Nxd5 8. Nc3 Nce7 9. Re1 Qd6 10. Qe2 c6 11. Qxe5 Qxe5 12. Re4 Qf4 13. Rxf4 h6 *

[Event "GM ZIA Smirity-A 2025"]
[Site "Dhaka"]
[Date "2025.02.21"]
[Round "8.7"]
[White "Sajidul, Haque"]
[Black "Ghosh, Chanchal Kumer"]
[Result "1-0"]
[Annotator "RC"]
[ECO "C50"]
[WhiteElo "2107"]
[BlackElo "2041"]
[PlyCount "71"]
[EventDate "2025.02.17"]
[EventType "swiss"]
[EventCountry "BAN"]
[SourceTitle "playchess.com"]
[Source "ChessBase"]
[SourceQuality "1"]
[TimeControl "5400+30"]

1. e4 e5 2. Nf3 Nc6 3. Bc4 f5 4. d3 Nf6 5. O-O d6 6. Ng5 d5 7. exd5 Nxd5 8. Nc3 Nce7 9. Re1 Qd6 10. Qe2 c6 11. Qxe5 Qxe5 12. Rxe5 h6 13. Nxd5 cxd5 14. Bb5+ Bd7 15. Bxd7+ Kxd7 16. Ne6 Kd6 17. Re1 g5 18. b3 Ng6 19. Ba3+ Kd7 20. Nxf8+ Nxf8 21. Re7+ Kc6 22. Rae1 Rd8 23. Rf7 Nd7 24. Re6+ Kc7 25. Rd6 Rhe8 26. Kf1 f4 27. Rxd5 Re6 28. g3 fxg3 29. hxg3 Ra6 30. Be7 Rh8 31. Bf6 Rxf6 32. Rdxd7+ Kc6 33. Rc7+ Kd6 34. Rxb7 Rxf7 35. Rxf7 a5 36. Ra7 1-0

[Event "GM ZIA Smirity-A 2025"]
[Site "Dhaka"]
[Date "2025.02.21"]
[Round "8.8"]
[White "Noshin, Anjum"]
[Black "Sagor"]
[Result "1-0"]
[Annotator "NA RC"]
[ECO "B32"]
[WhiteElo "2053"]
[BlackElo "2001"]
[PlyCount "93"]
[EventDate "2025.02.17"]
[EventType "swiss"]
[EventCountry "BAN"]
[SourceTitle "playchess.com"]
[Source "ChessBase"]
[SourceQuality "1"]
[TimeControl "5400+30"]

1. e4 c5 2. Nf3 Nc6 3. d4 cxd4 4. Nxd4 e5 5. Nb5 d6 6. N1c3 a6 7. Na3 Be7 8. Nc4 b5 {[%emt 0:00:00] B32: Sicilian: Löwenthal and Kalashnikov Variations.} 9. Ne3 Nf6 10. Bd3 O-O 11. O-O Rb8 {[%emt 0:00:00] 11...Nb4 is the hot move.} 12. a4 b4 13. Ncd5 Nxd5 14. exd5 Na5 15. Nf5 Bxf5 16. Bxf5 Nb7 17. f4 $146 ({Predecessor:} 17. Qg4 Nc5 18. Bh6 Bf6 19. Rad1 Re8 20. Be3 g6 21. Bxc5 dxc5 22. Bd3 e4 23. Bxa6 Bxb2 {½-½ Csjernyik,J (2548)-Peres,J (2478) POR-SVK friendly m email 2005 (1.2)}) 17... g6 18. Bd3 f5 19. Qe2 e4 20. Bxa6 Bf6 21. Kh1 Qc7 22. Bxb7 Rxb7 23. a5 Ra7 24. a6 Bd4 25. Ra4 Rb8 26. c3 Bc5 27. cxb4 Bxb4 (27... Qd7 $14 28. b3 Bxb4) 28. Be3 Bc5 29. Rc1 Qb6 30. Bxc5 dxc5 31. Qc4 Qd6 32. b3 Rb6 $16 33. Rca1 h6 34. g3 g5 35. fxg5 hxg5 36. Ra5 Rb4 37. Qxc5 Qxc5 38. Rxc5 Rd4 39. d6 Rxd6 40. Rxf5 Raxa6 41. Rxg5+ Kf7 42. Rxa6 Rxa6 43. Re5 Rb6 44. Rxe4 Rxb3 45. Kg2 Kg6 46. h4 Kf5 47. Ra4 1-0

[Event "GM ZIA Smirity-A 2025"]
[Site "Dhaka"]
[Date "2025.02.21"]
[Round "8.9"]
[White "Alam, Monjur"]
[Black "Khan, Nazrana"]
[Result "1/2-1/2"]
[Annotator "RC"]
[ECO "D37"]
[WhiteElo "1906"]
[BlackElo "1840"]
[PlyCount "78"]
[EventDate "2025.02.17"]
[EventType "swiss"]
[EventCountry "BAN"]
[SourceTitle "playchess.com"]
[Source "ChessBase"]
[SourceQuality "1"]
[TimeControl "5400+30"]

1. d4 d5 2. c4 e6 3. Nc3 Nf6 4. Nf3 Be7 5. Bf4 O-O 6. e3 c5 7. cxd5 Nxd5 8. Nxd5 exd5 9. Be2 Nc6 10. dxc5 Bxc5 11. O-O d4 12. Rc1 Bb6 13. exd4 Nxd4 14. Nxd4 Bxd4 15. Bg4 Bxb2 16. Rb1 Qf6 17. Bg3 Bxg4 18. Qxg4 Be5 19. Rxb7 Bxg3 20. fxg3 Qg6 21. Qa4 a5 22. Qb5 a4 23. Qc4 h6 24. h3 Rac8 25. Qxa4 Qxg3 26. Qb3 Qxb3 27. axb3 f6 28. Rd1 Rfd8 29. Ra1 Rb8 30. Raa7 Rd1+ 31. Kf2 Rxb7 32. Rxb7 h5 33. b4 Kh7 34. b5 Rd3 35. b6 Rb3 36. Rb8 h4 37. b7 Kg6 38. Rh8 Rb2+ 39. Kf3 Rxb7 1/2-1/2

[Event "GM ZIA Smirity-A 2025"]
[Site "Dhaka"]
[Date "2025.02.21"]
[Round "8.11"]
[White "Hamid, Rani"]
[Black "Rayan Rashid Mugdho"]
[Result "0-1"]
[Annotator "RC"]
[ECO "B92"]
[WhiteElo "1913"]
[BlackElo "1861"]
[PlyCount "88"]
[EventDate "2025.02.17"]
[EventType "swiss"]
[EventCountry "BAN"]
[SourceTitle "playchess.com"]
[Source "ChessBase"]
[SourceQuality "1"]
[TimeControl "5400+30"]

1. e4 c5 2. Nf3 d6 3. d4 cxd4 4. Nxd4 Nf6 5. Nc3 a6 6. Be2 e5 7. Nb3 Be7 8. O-O O-O 9. f4 Nbd7 10. Kh1 b5 11. Be3 Bb7 12. Bf3 Rc8 13. a3 exf4 14. Bxf4 Ne5 15. Bxe5 dxe5 16. Qe2 Qb6 17. Rad1 Rfd8 18. Nd5 Nxd5 19. exd5 Bf6 20. Be4 Rd6 21. Qf3 Rcd8 22. Nc1 g6 23. Ne2 Qc7 24. g4 Qd7 25. b3 Rc8 26. h3 Bg7 27. Qd3 a5 28. Qd2 h5 29. Rg1 f5 30. gxf5 gxf5 31. Bg2 f4 32. Kh2 Qf5 33. Nc3 f3 34. Bf1 b4 35. axb4 axb4 36. Bd3 bxc3 37. Bxf5 cxd2 38. Bxc8 Bxc8 39. Rxd2 e4 40. Rd4 f2 41. Rxg7+ Kxg7 42. Kg2 e3 43. Rf4 Rg6+ 44. Kf1 Bxh3+ 0-1

[Event "GM ZIA Smirity-A 2025"]
[Site "Dhaka"]
[Date "2025.02.21"]
[Round "8.12"]
[White "Aiyan, Rahman"]
[Black "Islam, M.M. Zahirul"]
[Result "1-0"]
[Annotator "RC"]
[ECO "C01"]
[WhiteElo "1827"]
[BlackElo "1912"]
[PlyCount "113"]
[EventDate "2025.02.17"]
[EventType "swiss"]
[EventCountry "BAN"]
[SourceTitle "playchess.com"]
[Source "ChessBase"]
[SourceQuality "1"]
[TimeControl "5400+30"]

1. e4 e6 2. d4 d5 3. exd5 exd5 4. Bd3 Bd6 5. Qf3 Nc6 6. c3 Nge7 7. Ne2 O-O 8. Bg5 f6 9. Bf4 Re8 10. Bg3 Be6 11. Nd2 Qd7 12. Bxd6 Qxd6 13. O-O-O a6 14. Qf4 Qd7 15. h4 b5 16. Nb3 Bf5 17. Nc5 Qc8 18. h5 h6 19. Bxf5 Nxf5 20. Qf3 Nce7 21. Nf4 c6 22. Nfe6 b4 23. g4 Nd6 24. Qf4 Ne4 25. cxb4 a5 26. Nc7 Qb8 27. Nxe4 dxe4 28. Qg3 Qxb4 29. Nxe8 Rxe8 30. Qb3+ Nd5 31. Qxb4 Nxb4 32. Kb1 Nd3 33. Rhf1 Nb4 34. a3 Nd5 35. Rc1 Re6 36. Rc5 Kf7 37. Rfc1 Ne7 38. Rxa5 g6 39. Rac5 Rd6 40. hxg6+ Kxg6 41. Rd1 f5 42. gxf5+ Nxf5 43. Re5 Nxd4 44. Rxe4 c5 45. b4 Rb6 46. Ka2 Nb5 47. Rc4 cxb4 48. Rg1+ Kf5 49. Rxb4 Nc3+ 50. Kb3 Rxb4+ 51. axb4 Ne4 52. b5 h5 53. b6 h4 54. Kb4 Nd6 55. Rd1 Ke5 56. f4+ Ke6 57. f5+ 1-0

[Event "GM ZIA Smirity-A 2025"]
[Site "Dhaka"]
[Date "2025.02.21"]
[Round "8.13"]
[White "Neelava, Choudhury"]
[Black "Safayat, Kibria Azaan"]
[Result "1-0"]
[Annotator "NA RC"]
[ECO "C50"]
[WhiteElo "1784"]
[BlackElo "1850"]
[PlyCount "77"]
[EventDate "2025.02.17"]
[EventType "swiss"]
[EventCountry "BAN"]
[SourceTitle "playchess.com"]
[Source "ChessBase"]
[SourceQuality "1"]
[TimeControl "5400+30"]

1. e4 e5 2. Nf3 Nc6 3. Bc4 Bc5 4. c3 Nf6 5. O-O d6 6. d4 Bb6 7. dxe5 Nxe5 8. Nxe5 dxe5 9. Qxd8+ Kxd8 10. Bxf7 Nxe4 11. Be3 Bxe3 12. fxe3 Ke7 13. Bb3 Be6 14. Bc2 Nd6 15. Nd2 Nc4 16. Nxc4 Bxc4 17. Rfd1 g6 18. Bd3 Bxd3 19. Rxd3 Rad8 20. Rad1 Rxd3 21. Rxd3 Rd8 22. Rxd8 Kxd8 23. Kf2 Ke7 24. Kf3 Kf6 25. Ke4 Ke6 26. c4 c6 27. b4 Kf6 28. g4 h6 29. h4 Ke6 30. Kd3 b6 31. Ke4 Kd6 32. b5 cxb5 33. cxb5 Ke6 34. h5 gxh5 35. gxh5 Kf6 36. Kd5 Kf5 37. e4+ Kf4 38. a3 Ke3 39. Kxe5 1-0